[Event "SM-gruppen"]
[Site "Växjö"]
[Date "2008.07.02"]
[Round "5"]
[White "Brynell , Stellan"]
[Black "Åkesson, Ralf "]
[Result "1-0"]
[WhiteElo "2461"]
[BlackElo "2466"]
[PlyCount "109"]
[TimeControl "40/7200:20/3600:1800"]

1. d4 Nf6 2. c4 g6 3. g3 c6 4. Bg2 d5 5. cxd5 cxd5 6. Nc3 Bg7 7. Nf3 O-O 8. Ne5
e6 9. O-O Nfd7 10. f4 Nb6 11. b3 f6 12. Nf3 Bd7 13. a4 Re8 14. Ba3 Bc6 15. Qd2
Na6 16. g4 Rc8 17. g5 f5 18. h4 Bf8 19. Bxf8 Rxf8 20. Rfc1 Qe7 21. Nd1 Nb4 22.
Nf2 Bd7 23. Ne5 Nc6 24. Nfd3 Nxd4 25. Qb2 Rxc1+ 26. Rxc1 Nc6 27. h5 gxh5 28.
Bf3 Rc8 29. Bxh5 Be8 30. Bxe8 Qxe8 31. Nxc6 Rxc6 32. Rxc6 Qxc6 33. Qf6 Qe8 34.
Nc5 Nd7 35. Qxe6+ Qxe6 36. Nxe6 b6 37. Nd4 Nc5 38. Nxf5 Nxb3 39. Ne7+ Kf7 40.
Nxd5 Nc5 41. Nc3 Kg6 42. Kf2 h6 43. gxh6 Kxh6 44. e4 Kg6 45. Ke3 Kf6 46. Nb5 a6
47. Nc3 Ke6 48. Kd4 Nb3+ 49. Kc4 Na5+ 50. Kd3 Nb3 51. Nd5 Nc5+ 52. Kd4 Nxa4 53.
Nc7+ Kd6 54. Nxa6 b5 55. e5+ 1-0

[Event "SM-gruppen"]
[Site "Växjö"]
[Date "2008.07.02"]
[Round "5"]
[White "Grandelius, Nils "]
[Black "Nithander, Victor "]
[Result "1-0"]
[WhiteElo "2388"]
[BlackElo "2319"]
[PlyCount "91"]
[TimeControl "40/7200:20/3600:1800"]

1. d4 Nf6 2. c4 g6 3. Nc3 Bg7 4. e4 d6 5. Be2 O-O 6. Nf3 e5 7. O-O Na6 8. Be3
Ng4 9. Bg5 Qe8 10. c5 exd4 11. Nd5 Qxe4 12. Ne7+ Kh8 13. cxd6 Nc5 14. Bc4 d3
15. Rc1 Ne5 16. Re1 Nxf3+ 17. gxf3 Qd4 18. dxc7 Bh3 19. Bd5 Ne6 20. Rc4 Qxb2
21. Bxe6 Bxe6 22. Rxe6 fxe6 23. Qxd3 Bf6 24. Bxf6+ Qxf6 25. c8=Q Raxc8 26. Nxc8
Rd8 27. Qc3 e5 28. Nxa7 h5 29. f4 Rd5 30. fxe5 Rxe5 31. Rc5 Rg5+ 32. Kf1 Qxc3
33. Rxc3 Ra5 34. Rc8+ Kg7 35. Rc7+ Kh6 36. Rxb7 Rxa2 37. Nc6 Rd2 38. Ne5 Rd1+
39. Kg2 Rd5 40. Re7 Kg5 41. Rf7 Kh6 42. Nd7 Ra5 43. Nf8 Kg5 44. Ne6+ Kh6 45. h4
Ra4 46. Kh3 1-0

[Event "SM-gruppen"]
[Site "Växjö"]
[Date "2008.07.02"]
[Round "5"]
[White "Berg, Emanuel "]
[Black "Carlsson , Pontus "]
[Result "1-0"]
[WhiteElo "2601"]
[BlackElo "2513"]
[PlyCount "67"]
[TimeControl "40/7200:20/3600:1800"]

1. e4 c5 2. Nc3 Nc6 3. f4 g6 4. Nf3 Bg7 5. Bb5 Nd4 6. O-O Nxb5 7. Nxb5 d5 8. e5
d4 9. c3 a6 10. Na3 b5 11. cxd4 cxd4 12. d3 Nh6 13. Nc2 Nf5 14. g4 Ne3 15. Bxe3
dxe3 16. Nxe3 Qb6 17. d4 Bb7 18. Qd3 Rd8 19. Rad1 O-O 20. Kg2 f6 21. Kg3 Kh8
22. d5 fxe5 23. fxe5 e6 24. Ng5 Qc7 25. Kh3 Qxe5 26. Nf7+ Rxf7 27. Rxf7 Bxd5
28. Nxd5 exd5 29. Rd2 Qg5 30. Re2 Bf6 31. Qf3 Bg7 32. Ree7 Rg8 33. Rxg7 Rxg7
34. Re8+ 1-0

[Event "SM-gruppen"]
[Site "Växjö"]
[Date "2008.07.02"]
[Round "5"]
[White "Hillarp-Persson , Tiger"]
[Black "Smith , Axel"]
[Result "1/2-1/2"]
[WhiteElo "2491"]
[BlackElo "2428"]
[PlyCount "95"]
[TimeControl "40/7200:20/3600:1800"]

1. d4 d5 2. c4 c6 3. Nf3 e6 4. e3 Nf6 5. b3 Nbd7 6. Bb2 Bd6 7. Bd3 Qe7 8. Ne5
Nxe5 9. dxe5 Bb4+ 10. Nd2 Nd7 11. O-O O-O 12. a3 Ba5 13. Rc1 f6 14. b4 Bc7 15.
Qh5 g6 16. exf6 Nxf6 17. Qg5 a5 18. Nf3 axb4 19. axb4 Bd7 20. Ne5 Bd8 21. b5
dxc4 22. Rxc4 cxb5 23. Rh4 Nd5 24. Qxe7 Bxe7 25. Nxd7 Bxh4 26. Nxf8 Kxf8 27.
Bxb5 Bf6 28. Bxf6 Nxf6 29. Bc4 Ke7 30. Rb1 Ra7 31. f3 Nd7 32. Kf2 Ra4 33. Bb5
Ra2+ 34. Kg3 Nc5 35. Bf1 Ra3 36. Rc1 Kd6 37. Rd1+ Ke7 38. Kf4 Kf6 39. Rc1 b6
40. e4 g5+ 41. Kg4 Kg6 42. Re1 h5+ 43. Kg3 h4+ 44. Kf2 Kf6 45. Rb1 Rb3 46. Rxb3
Nxb3 47. Ke3 e5 48. g3 1/2-1/2

[Event "SM-gruppen"]
[Site "Växjö"]
[Date "2008.07.02"]
[Round "5"]
[White "Lindberg , Bengt "]
[Black "Agrest , Evgenij"]
[Result "1/2-1/2"]
[WhiteElo "2442"]
[BlackElo "2567"]
[PlyCount "148"]
[TimeControl "40/7200:20/3600:1800"]

1. e4 c6 2. d4 d5 3. Nc3 dxe4 4. Nxe4 Bf5 5. Ng3 Bg6 6. h4 h6 7. Nf3 Nd7 8. h5
Bh7 9. Bd3 Bxd3 10. Qxd3 e6 11. Bf4 Qa5+ 12. Bd2 Bb4 13. c3 Be7 14. c4 Qc7 15.
O-O-O Ngf6 16. Ne4 Rd8 17. Kb1 O-O 18. Nxf6+ Nxf6 19. Qe2 c5 20. Bc3 Rfe8 21.
Ne5 cxd4 22. Bxd4 Bc5 23. Bc3 Rxd1+ 24. Rxd1 Rd8 25. Rxd8+ Qxd8 26. Kc2 Qd6 27.
g4 Bd4 28. f3 Bxc3 29. Kxc3 Qc5 30. a3 Nd5+ 31. Kb3 Ne3 32. f4 Qd4 33. Qd3
Qxd3+ 34. Nxd3 Nxg4 35. Nc5 b6 36. Nd7 g6 37. hxg6 fxg6 38. a4 Ne3 39. c5 bxc5
40. Nxc5 Kf7 41. Kc3 Nd5+ 42. Kd4 Nxf4 43. b4 h5 44. Ke5 Nd5 45. b5 h4 46. Nxe6
Nc3 47. Nd4 h3 48. Nf3 Nxa4 49. Ng5+ Kg7 50. Nxh3 Nc3 51. b6 axb6 52. Kd6 Kf6
53. Kc6 b5 54. Kc5 Ke5 55. Kb4 Kd4 56. Ng5 Ne4 57. Nh7 Ke5 58. Kxb5 Kf5 59. Kc4
Nf6 60. Nf8 g5 61. Kd3 Nd5 62. Ke2 g4 63. Kf2 Nf6 64. Kg3 Nh5+ 65. Kg2 Kg5 66.
Ne6+ Kh4 67. Nd4 Nf4+ 68. Kg1 Kh3 69. Nf5 Ne2+ 70. Kf2 Nc3 71. Kg1 Nd5 72. Nh6
g3 73. Nf5 g2 74. Nh4 Kxh4 1/2-1/2

[Event "SM-gruppen"]
[Site "Växjö"]
[Date "2008.07.02"]
[Round "5"]
[White "Karlsson , Lars "]
[Black "Hedman, Erik "]
[Result "1-0"]
[WhiteElo "2475"]
[BlackElo "2363"]
[PlyCount "65"]
[TimeControl "40/7200:20/3600:1800"]

1. g3 c5 2. c4 Nc6 3. Bg2 g6 4. Nc3 Bg7 5. a3 d6 6. e3 e6 7. Nge2 Nge7 8. Nf4
O-O 9. O-O a6 10. Rb1 b5 11. cxb5 axb5 12. b4 cxb4 13. axb4 d5 14. d4 Nf5 15.
Nd3 Nd6 16. Qb3 Re8 17. Nc5 Re7 18. Bb2 Nc4 19. Ra1 Rb8 20. Rfd1 Rc7 21. Ne2
Bb7 22. Bc3 Bc8 23. Nf4 Ra7 24. Rxa7 Nxa7 25. e4 Bh6 26. exd5 Bxf4 27. dxe6 Bg5
28. d5 Qe7 29. Ne4 fxe6 30. d6 Nxd6 31. Nxd6 Bd7 32. Ne4 Rf8 33. Nxg5 1-0

[Event "SM-gruppen"]
[Site "Växjö"]
[Date "2008.07.03"]
[Round "6"]
[White "Smith , Axel "]
[Black "Lindberg , Bengt"]
[Result "1-0"]
[WhiteElo "2428"]
[BlackElo "2442"]
[PlyCount "67"]
[TimeControl "40/7200:20/3600:1800"]

1. d4 Nf6 2. c4 e6 3. Nf3 b6 4. g3 Ba6 5. Qc2 Bb7 6. Bg2 Bb4+ 7. Bd2 a5 8. O-O
O-O 9. Bg5 Be7 10. Bxf6 Bxf6 11. Ng5 Bxg5 12. Bxb7 Ra7 13. Bg2 c6 14. e4 Na6
15. Nc3 Be7 16. Rad1 Qb8 17. f4 b5 18. c5 f6 19. e5 f5 20. Kh1 Kh8 21. g4 g6
22. gxf5 gxf5 23. Rg1 Ra8 24. Bf3 Qb7 25. Bh5 Rg8 26. Bf7 Rgf8 27. Bg6 Qc8 28.
Bxh7 Rf7 29. Bg6 Rg7 30. Qe2 Kg8 31. Bh7+ Kxh7 32. Qh5+ Kg8 33. Rxg7+ Kxg7 34.
Rg1+ 1-0

[Event "SM-gruppen"]
[Site "Växjö"]
[Date "2008.07.03"]
[Round "6"]
[White "Hedman , Erik "]
[Black "Berg , Emanuel"]
[Result "1/2-1/2"]
[WhiteElo "2363"]
[BlackElo "2601"]
[PlyCount "72"]
[TimeControl "40/7200:20/3600:1800"]

1. e4 c5 2. Nf3 d6 3. d4 cxd4 4. Nxd4 Nf6 5. Nc3 a6 6. Be2 e5 7. Nb3 Be7 8. O-O
O-O 9. Kh1 Nc6 10. f3 Be6 11. Nd5 Bxd5 12. exd5 Nb4 13. c4 b5 14. a3 bxc4 15.
axb4 cxb3 16. Be3 a5 17. Qxb3 axb4 18. Bb5 Nh5 19. Bc6 Rxa1 20. Rxa1 Bg5 21.
Ra8 Qf6 22. Rxf8+ Kxf8 23. Qxb4 g6 24. Bxg5 Qxg5 25. Qxd6+ Kg7 26. Qc5 Qd2 27.
g3 Qe2 28. d6 Nf6 29. d7 Nxd7 30. Qc1 Nf6 31. Kg1 h5 32. h4 Qd3 33. Qc3 Qxc3
34. bxc3 Kf8 35. Kf2 Ke7 36. Ke3 Kd6 1/2-1/2

[Event "SM-gruppen"]
[Site "Växjö"]
[Date "2008.07.03"]
[Round "6"]
[White "Carlsson , Pontus"]
[Black "Grandelius , Nils "]
[Result "1-0"]
[WhiteElo "2513"]
[BlackElo "2388"]
[PlyCount "61"]
[TimeControl "40/7200:20/3600:1800"]

1. e4 e5 2. Nf3 Nc6 3. Bb5 Nf6 4. O-O Nxe4 5. d4 Nd6 6. Bxc6 dxc6 7. dxe5 Nf5
8. Qxd8+ Kxd8 9. Nc3 Ne7 10. h3 h6 11. Be3 Ng6 12. Rad1+ Ke8 13. a3 Be7 14.
Rfe1 Bd7 15. Nd4 Rd8 16. f4 a6 17. b4 Bc8 18. Ne4 Nh4 19. Bf2 Kf8 20. Nc5 Kg8
21. e6 Bf6 22. Bxh4 Bxh4 23. Nf5 Rxd1 24. Rxd1 Bf6 25. e7 Kh7 26. Ne4 Bxf5 27.
Nxf6+ gxf6 28. Rd8 Bd7 29. Rxd7 Re8 30. f5 h5 31. h4 1-0

[Event "SM-gruppen"]
[Site "Växjö"]
[Date "2008.07.03"]
[Round "6"]
[White "Åkesson, Ralf "]
[Black "Hillarp-Persson , Tiger"]
[Result "0-1"]
[WhiteElo "2466"]
[BlackElo "2491"]
[PlyCount "186"]
[TimeControl "40/7200:20/3600:1800"]

1. c4 c5 2. Nf3 Nf6 3. Nc3 e6 4. g3 b6 5. Bg2 Bb7 6. O-O a6 7. d4 cxd4 8. Qxd4
d6 9. Ng5 Bxg2 10. Kxg2 Nc6 11. Qf4 Be7 12. Nge4 Nxe4 13. Qxe4 Rc8 14. b3 Bf6
15. Bd2 O-O 16. Rac1 Qc7 17. Rfd1 Qb8 18. a4 Rfd8 19. Bf4 Na5 20. Qb1 Qa8+ 21.
e4 d5 22. exd5 Bxc3 23. Rxc3 exd5 24. Kg1 dxc4 25. Rxd8+ Rxd8 26. bxc4 Qc6 27.
Qc2 Rc8 28. Be3 b5 29. axb5 axb5 30. c5 Nc4 31. Qf5 g6 32. Qf4 Re8 33. h4 Re4
34. Qb8+ Kg7 35. Qd8 Nxe3 36. Rxe3 Rc4 37. Kh2 Qxc5 38. Rf3 Qc6 39. Qd1 b4 40.
Qd3 h5 41. Qe3 Qe6 42. Qd2 Re4 43. Qd3 Qe7 44. Qd5 Qe6 45. Qb7 Rc4 46. Kg2 Rd4
47. Qb5 Qd5 48. Qe2 Rd2 49. Qa6 b3 50. Qf6+ Kg8 51. Qg5 b2 52. Qxd5 Rxd5 53.
Rb3 Rd2 54. Rb8+ Kg7 55. Kf3 Kf6 56. Ke3 Rc2 57. f3 Ke5 58. g4 Rh2 59. Rb5+ Kd6
60. Kf4 Kc6 61. Rb8 Rd2 62. Ke3 Rc2 63. gxh5 gxh5 64. Kd4 Re2 65. Rb3 Rd2+ 66.
Kc3 Rh2 67. Kd3 Kc5 68. Rb8 Kd5 69. Rb5+ Ke6 70. Ke3 Kd7 71. Kd3 Kd6 72. Rb7
Ke5 73. Ke3 Rc2 74. Rb5+ Ke6 75. Kd3 Rh2 76. Ke3 Kd6 77. Kd3 Kc6 78. Rb8 Kc5
79. Rb7 f5 80. Rb8 f4 81. Ke4 Rd2 82. Rc8+ Kb5 83. Rb8+ Kc4 84. Rc8+ Kb3 85.
Rb8+ Kc2 86. Kxf4 b1=Q 87. Rxb1 Kxb1 88. Kg5 Rd5+ 89. Kg6 Kc2 90. f4 Kd3 91. f5
Ke4 92. f6 Kf4 93. f7 Rf5 0-1

[Event "SM-gruppen"]
[Site "Växjö"]
[Date "2008.07.03"]
[Round "6"]
[White "Hector, Jonny"]
[Black "Brynell, Stellan"]
[Result "1-0"]
[WhiteElo "2532"]
[BlackElo "2461"]
[PlyCount "143"]
[TimeControl "40/7200:20/3600:1800"]

1. e4 e6 2. d4 d5 3. e5 c5 4. c3 Nc6 5. Nf3 Bd7 6. Bd3 cxd4 7. O-O Rc8 8. Re1
Nge7 9. h4 h6 10. a3 dxc3 11. Nxc3 a6 12. Be3 Na5 13. Qe2 Nc4 14. Bc1 b5 15. a4
b4 16. Nd1 b3 17. Ne3 Qc7 18. Bd2 Nxd2 19. Qxd2 Nc6 20. Rec1 Qb7 21. Qd1 Be7
22. Rc3 Rb8 23. Ng4 Qb4 24. Ngh2 Qb6 25. Qf1 Ra8 26. h5 Na5 27. Be2 f5 28. exf6
Bxf6 29. Re3 Bxb2 30. Rb1 Bf6 31. Bd3 O-O 32. Rbe1 Bxa4 33. Rxe6 Qb4 34. Qe2
Bb5 35. Nd2 Nc4 36. Ndf1 Nb2 37. Bxb5 Qxb5 38. Rxf6 Rxf6 39. Qxb2 a5 40. Ng4
Rf7 41. Re3 Rb8 42. Rg3 Rb6 43. Ne5 Re7 44. Nd2 Qe2 45. f4 Rb4 46. Nc6 Rxf4 47.
Nxe7+ Qxe7 48. Rxb3 Qe1+ 49. Kh2 Rh4+ 50. Rh3 Rxh3+ 51. Kxh3 Qh1+ 52. Kg3 Qxh5
53. Nf3 Qg6+ 54. Kf2 Qe4 55. Nd4 a4 56. Nb5 h5 57. Qc3 Kh7 58. Nd4 Kh6 59. Qc6+
g6 60. Qf6 a3 61. Qf8+ Kh7 62. Nf3 Qf5 63. Qxa3 Qc2+ 64. Kg1 Qb1+ 65. Kh2 Qb8+
66. g3 Qd8 67. Qa7+ Kg8 68. Qd4 Qd7 69. Qe5 Qf7 70. Kg2 Qd7 71. Ng5 Qc6 72. Ne6
1-0

[Event "SM-gruppen"]
[Site "Växjö"]
[Date "2008.07.03"]
[Round "6"]
[White "Tikkanen , Hans"]
[Black "Nithander , Victor "]
[Result "1/2-1/2"]
[WhiteElo "2437"]
[BlackElo "2319"]
[PlyCount "101"]
[TimeControl "40/7200:20/3600:1800"]

1. d4 Nf6 2. c4 g6 3. Nc3 Bg7 4. e4 d6 5. Nf3 O-O 6. Be2 e5 7. O-O Na6 8. Be3
c6 9. h3 exd4 10. Bxd4 Qe7 11. Re1 Nc5 12. Bf1 Ne6 13. Be3 Nd7 14. Qd2 Ne5 15.
Nh2 g5 16. Rad1 Rd8 17. g3 Ng6 18. Bg2 h5 19. f4 gxf4 20. gxf4 Nc7 21. f5 Ne5
22. Qe2 Qh4 23. Bf2 Qg5 24. h4 Qh6 25. Be3 Qh7 26. Bf3 d5 27. cxd5 cxd5 28. Qg2
Kh8 29. Kh1 Bd7 30. Nxd5 Nxd5 31. Rxd5 Bc6 32. Rxd8+ Rxd8 33. Bxa7 Bf6 34. Qg3
Rg8 35. Qh3 Qh6 36. Bg2 Qf4 37. Qe3 Qxe3 38. Rxe3 Rd8 39. Nf3 Ng4 40. Re2 Rd1+
41. Bg1 Bxe4 42. Re1 Rxe1 43. Nxe1 Bxg2+ 44. Kxg2 Bxb2 45. Nd3 Bc3 46. Kf3 Ne5+
47. Nxe5 Bxe5 48. Ke4 Bg3 49. Bd4+ Kg8 50. Bf6 Kf8 51. Kd5 1/2-1/2

[Event "SM-gruppen"]
[Site "Växjö"]
[Date "2008.07.03"]
[Round "6"]
[White "Agrest, Evgenij "]
[Black "Karlsson , Lars"]
[Result "1-0"]
[WhiteElo "2567"]
[BlackElo "2475"]
[PlyCount "91"]
[TimeControl "40/7200:20/3600:1800"]

1. Nf3 f5 2. c4 Nf6 3. g3 e6 4. Bg2 Be7 5. O-O O-O 6. b3 d6 7. Nc3 e5 8. d3 c5
9. e3 Nc6 10. Bb2 Kh8 11. a3 a6 12. Rc1 Rb8 13. Nd2 Bd7 14. Nd5 Nxd5 15. cxd5
Na7 16. f4 exf4 17. gxf4 Bf6 18. Qc2 Bxb2 19. Qxb2 Qf6 20. Qxf6 Rxf6 21. e4
fxe4 22. dxe4 Rg6 23. Kh1 Nb5 24. a4 Nd4 25. e5 b5 26. e6 Be8 27. Rb1 Kg8 28.
f5 Rh6 29. a5 Kf8 30. Ne4 Ke7 31. Rf4 Bh5 32. b4 c4 33. f6+ gxf6 34. Ng3 Ne2
35. Nf5+ Kd8 36. Rh4 Bg6 37. Rxh6 Bxf5 38. Re1 Nd4 39. Rxf6 Bg6 40. e7+ Kc7 41.
Rxg6 hxg6 42. e8=Q Rxe8 43. Rxe8 Nc2 44. Be4 Nxb4 45. h4 c3 46. Rf8 1-0

[Event "SM-gruppen"]
[Site "Växjö"]
[Date "2008.07.04"]
[Round "7"]
[White "Brynell, Stellan "]
[Black "Tikkanen , Hans"]
[Result "0-1"]
[WhiteElo "2461"]
[BlackElo "2437"]
[PlyCount "77"]
[TimeControl "40/7200:20/3600:1800"]

1. d4 d5 2. c4 e6 3. Nc3 c6 4. e4 dxe4 5. Nxe4 Bb4+ 6. Bd2 Qxd4 7. Bxb4 Qxe4+
8. Ne2 Nd7 9. Qd2 c5 10. Bc3 Ngf6 11. O-O-O O-O 12. Ng3 Qh4 13. Be2 b6 14. Bf3
Rb8 15. Bc6 Qxc4 16. Rhe1 b5 17. b3 Qh4 18. Ne4 Bb7 19. g3 Qh5 20. Nxf6+ Nxf6
21. Re5 Qg6 22. Rg5 Qh6 23. Qf4 Nh5 24. Qe3 Bxc6 25. Rxg7+ Qxg7 26. Bxg7 Nxg7
27. Kb2 Rfc8 28. g4 c4 29. bxc4 bxc4+ 30. Kc3 Bd5 31. h4 Rb6 32. h5 Ra6 33. Qg5
Kf8 34. Qh6 Ra3+ 35. Kd4 Rf3 36. Qxh7 Ne8 37. h6 c3 38. Ke5 f6+ 39. Kd4 0-1

[Event "SM-gruppen"]
[Site "Växjö"]
[Date "2008.07.04"]
[Round "7"]
[White "Karlsson , Lars "]
[Black "Smith  , Axel"]
[Result "1-0"]
[WhiteElo "2475"]
[BlackElo "2428"]
[PlyCount "103"]
[TimeControl "40/7200:20/3600:1800"]

1. c4 c6 2. Nf3 d5 3. e3 Nf6 4. b3 Bg4 5. Bb2 e6 6. Be2 Bd6 7. O-O O-O 8. Nc3
Nbd7 9. d4 Re8 10. h3 Bh5 11. Ne5 Bxe2 12. Nxe2 Qe7 13. Qc2 Ba3 14. Nxd7 Nxd7
15. Bxa3 Qxa3 16. Nc3 Qe7 17. Rfd1 Rad8 18. a4 h6 19. a5 a6 20. Na4 Rc8 21. b4
dxc4 22. Qxc4 e5 23. dxe5 Qxe5 24. Qd4 Nf6 25. Qxe5 Rxe5 26. Nc5 Nd5 27. Rd4
Rc7 28. Rc1 g6 29. g3 Kg7 30. e4 Nf6 31. f4 Re8 32. Kf2 h5 33. Rcd1 Kf8 34. Kf3
Ke7 35. g4 hxg4+ 36. hxg4 Rec8 37. g5 Ng8 38. Rd7+ Ke8 39. R7d6 Ke7 40. Kg4 Ke8
41. R1d2 Ne7 42. Rh2 Kf8 43. f5 gxf5+ 44. exf5 Nd5 45. Rdh6 Ne3+ 46. Kf4 Nd5+
47. Kf3 Ne7 48. Rh8+ Ng8 49. f6 Rd8 50. R2h7 b6 51. Rg7 bxc5 52. Rgxg8# 1-0

[Event "SM-gruppen"]
[Site "Växjö"]
[Date "2008.07.04"]
[Round "7"]
[White "Nithander , Victor "]
[Black "Carlsson , Pontus"]
[Result "0-1"]
[WhiteElo "2319"]
[BlackElo "2513"]
[PlyCount "98"]
[TimeControl "40/7200:20/3600:1800"]

1. e4 c5 2. Nf3 d6 3. d4 cxd4 4. Nxd4 Nf6 5. Nc3 g6 6. Be3 Bg7 7. f3 O-O 8. Qd2
Nc6 9. Bc4 Bd7 10. O-O-O Rc8 11. Bb3 Ne5 12. Kb1 Nc4 13. Bxc4 Rxc4 14. g4 b5
15. b3 b4 16. bxc4 bxc3 17. Qxc3 Qc7 18. Ka1 Rc8 19. Rb1 Be8 20. h4 Nd7 21. h5
Nb6 22. hxg6 fxg6 23. Rh2 Nxc4 24. Bf2 Qc5 25. Rb3 Na5 26. Qb2 Nxb3+ 27. axb3
a5 28. Kb1 Qb4 29. Rh1 Bf7 30. Rd1 a4 31. Be1 Qc5 32. bxa4 Qa7 33. a5 Rc4 34.
Qb6 Rxd4 35. Qd8+ Bf8 36. Rxd4 Qxd4 37. Bh4 Qb4+ 38. Kc1 Kg7 39. Bxe7 Qe1+ 40.
Kb2 Qb4+ 41. Kc1 Bxe7 42. Qxe7 Qe1+ 43. Kb2 Qb4+ 44. Kc1 Qa3+ 45. Kb1 Qa2+ 46.
Kc1 Qa1+ 47. Kd2 Qxa5+ 48. c3 Qe5 49. Qc7 Qc5 0-1

[Event "SM-gruppen"]
[Site "Växjö"]
[Date "2008.07.04"]
[Round "7"]
[White "Grandelius , Nils "]
[Black "Hedman, Erik"]
[Result "1-0"]
[WhiteElo "2388"]
[BlackElo "2363"]
[PlyCount "69"]
[TimeControl "40/7200:20/3600:1800"]

1. e4 c5 2. Nf3 d6 3. d4 cxd4 4. Nxd4 Nf6 5. Nc3 a6 6. f3 Qb6 7. Nb3 e6 8. g4
Nc6 9. g5 Nd7 10. h4 Qc7 11. Be3 b5 12. Rh3 Nc5 13. Qd2 b4 14. Ne2 e5 15. Rh2
Be6 16. Ng3 a5 17. Qf2 Nd7 18. h5 a4 19. Nd2 Na5 20. Bd3 Be7 21. g6 hxg6 22.
hxg6 Rxh2 23. gxf7+ Kxf7 24. Qxh2 Nf6 25. f4 Ng4 26. Qh5+ Kg8 27. f5 Nxe3 28.
fxe6 Bh4 29. Ke2 Ng2 30. Kf3 Bxg3 31. Kxg2 Bf4 32. Rh1 Bh6 33. Qg6 Kf8 34. Qh7
Re8 35. Rxh6 1-0

[Event "SM-gruppen"]
[Site "Växjö"]
[Date "2008.07.04"]
[Round "7"]
[White "Hillarp-Persson , Tiger "]
[Black "Hector , Jonny"]
[Result "1/2-1/2"]
[WhiteElo "2491"]
[BlackElo "2532"]
[PlyCount "139"]
[TimeControl "40/7200:20/3600:1800"]

1. d4 d5 2. c4 c6 3. Nf3 Nf6 4. e3 Bf5 5. Nc3 e6 6. Nh4 Be4 7. f3 Bg6 8. Qb3
Qb6 9. Nxg6 hxg6 10. Bd2 Nbd7 11. g3 Be7 12. Kf2 c5 13. cxd5 exd5 14. Qxb6 Nxb6
15. dxc5 Bxc5 16. Nb5 O-O 17. Rc1 Nfd7 18. b3 Rac8 19. Be2 a6 20. Nd4 Rfe8 21.
a4 Ne5 22. h4 Nbd7 23. Rhd1 Ba7 24. Rxc8 Rxc8 25. Rc1 Rxc1 26. Bxc1 Nc5 27. Bd2
Kf8 28. Ke1 Ke7 29. Bc3 Bb6 30. Bd1 Ned3+ 31. Kd2 a5 32. Ne2 f6 33. Bc2 Ne5 34.
Nf4 Kd6 35. Ke2 Ne6 36. Nxe6 Kxe6 37. Bxe5 fxe5 38. Bxg6 Bc5 39. f4 exf4 40.
exf4 Bd6 41. Kf3 Bb4 42. g4 Be1 43. h5 Bd2 44. g5 Ke7 45. Kg4 b6 46. Bd3 Bc1
47. Kf5 Kf8 48. Be2 Bd2 49. Bf3 Bc1 50. Bxd5 Bd2 51. Bc4 Bc1 52. b4 axb4 53.
Bb3 Bd2 54. Ke5 Bc1 55. h6 gxh6 56. gxh6 Bd2 57. Kf6 Bc3+ 58. Ke6 Bd2 59. h7
Kg7 60. f5 Kxh7 61. f6 Be3 62. Bc2+ Kg8 63. Ke7 Bc5+ 64. Ke8 Kh8 65. Kf7 b3 66.
Bxb3 Ba3 67. Ke6 Kg8 68. Kd7+ Kf8 69. Kc6 Bb2 70. f7 1/2-1/2

[Event "SM-gruppen"]
[Site "Växjö"]
[Date "2008.07.04"]
[Round "7"]
[White "Berg, Emanuel "]
[Black "Agrest , Evgenij "]
[Result "1/2-1/2"]
[WhiteElo "2601"]
[BlackElo "2567"]
[PlyCount "42"]
[TimeControl "40/7200:20/3600:1800"]

1. e4 c6 2. d4 d5 3. e5 Bf5 4. Nf3 e6 5. Be2 Ne7 6. Nbd2 h6 7. Nf1 Nd7 8. Ne3
Bh7 9. O-O Ng6 10. Bd3 Be7 11. Ne1 c5 12. c3 Qb6 13. Bc2 Ngf8 14. Bxh7 Nxh7 15.
f4 O-O-O 16. Nf3 Kb8 17. Qe2 cxd4 18. cxd4 f5 19. exf6 Nhxf6 20. Nd1 Rde8 21.
Nf2 Ka8 1/2-1/2

[Event "SM-gruppen"]
[Site "Växjö"]
[Date "2008.07.04"]
[Round "7"]
[White "Lindberg , Bengt"]
[Black "Åkesson , Ralf"]
[Result "0-1"]
[WhiteElo "2442"]
[BlackElo "2466"]
[PlyCount "70"]
[TimeControl "40/7200:20/3600:1800"]

1. e4 c5 2. Nf3 e6 3. d4 cxd4 4. Nxd4 a6 5. Bd3 Bc5 6. Nb3 Be7 7. Qg4 g6 8. Qe2
d6 9. O-O Nd7 10. Na3 b6 11. Nc4 Bb7 12. a4 Qc7 13. a5 b5 14. Nb6 Nxb6 15. axb6
Qxb6 16. Na5 Bc8 17. Be3 Qc7 18. c4 b4 19. e5 dxe5 20. Be4 Rb8 21. Nc6 f5 22.
Nxb8 Qxb8 23. Bc2 Nf6 24. f3 O-O 25. c5 e4 26. fxe4 Ng4 27. Bf4 Bxc5+ 28. Kh1
Qb6 29. exf5 gxf5 30. h3 Nf2+ 31. Kh2 Rf6 32. Rae1 Bb7 33. Bb3 Be4 34. Bg3 Rg6
35. Qh5 Bd6 0-1

[Event "SM-gruppen"]
[Site "Växjö"]
[Date "2008.07.06"]
[Round "8"]
[White "Hector, Jonny"]
[Black "Lindberg , Bengt"]
[Result "1-0"]
[WhiteElo "2532"]
[BlackElo "2442"]
[PlyCount "75"]
[TimeControl "40/7200:20/3600:1800"]

1. e4 c5 2. Nf3 e6 3. d4 cxd4 4. Nxd4 Nc6 5. Nc3 Qc7 6. f4 Nxd4 7. Qxd4 a6 8.
Qf2 b5 9. Be2 Bb7 10. Bf3 b4 11. Ne2 Nf6 12. Ng3 Rc8 13. e5 Nd5 14. Bd2 Qxc2
15. Bxd5 exd5 16. Rc1 Bc5 17. Qf3 Qxb2 18. Nh5 Ba7 19. Nxg7+ Kf8 20. Rxc8+ Bxc8
21. Nh5 a5 22. Qxd5 Qd4 23. Qxd4 Bxd4 24. Ng3 Bb7 25. Ke2 f6 26. Rc1 Kf7 27.
Nf5 Ba6+ 28. Kf3 Bb7+ 29. Kg4 Rg8+ 30. Kh4 Rxg2 31. e6+ Kxe6 32. Nxd4+ Kd5 33.
Nb3 a4 34. Kh3 Ke6 35. Nc5+ Kf7 36. Bxb4 Bc6 37. Nxd7 Bxd7+ 38. Kxg2 1-0

[Event "SM-gruppen"]
[Site "Växjö"]
[Date "2008.07.06"]
[Round "8"]
[White "Smith, Axel "]
[Black "Berg, Emanuel"]
[Result "0-1"]
[WhiteElo "2428"]
[BlackElo "2601"]
[PlyCount "84"]
[TimeControl "40/7200:20/3600:1800"]

1. e4 e5 2. Nf3 Nc6 3. Bb5 a6 4. Ba4 Nf6 5. O-O Be7 6. Re1 b5 7. Bb3 d6 8. c3
O-O 9. h3 Nb8 10. d4 Nbd7 11. Nbd2 Bb7 12. Bc2 c5 13. Nf1 cxd4 14. cxd4 exd4
15. Ng3 Re8 16. Nxd4 Bf8 17. Bf4 Nc5 18. Qf3 Nfd7 19. Rad1 Ne5 20. Bxe5 Rxe5
21. b4 Nd7 22. Bb3 Qe8 23. Qe3 Nf6 24. f4 Re7 25. Ndf5 Rd7 26. Qd4 Qd8 27. Ne3
g6 28. Nd5 Bxd5 29. Bxd5 Nxd5 30. Qxd5 Qb6+ 31. Kh2 Raa7 32. Rc1 Rac7 33. Rf1
Rxc1 34. Rxc1 Rc7 35. Rxc7 Qxc7 36. Qa8 d5 37. e5 Qc4 38. Qxa6 Qxf4 39. Qxb5 h5
40. Qxd5 h4 41. Qf3 Qxe5 42. Qg4 g5 0-1

[Event "SM-gruppen"]
[Site "Växjö"]
[Date "2008.07.06"]
[Round "8"]
[White "Åkesson , Ralf "]
[Black "Karlsson , Lars"]
[Result "1-0"]
[WhiteElo "2466"]
[BlackElo "2475"]
[PlyCount "76"]
[TimeControl "40/7200:20/3600:1800"]

1. Nf3 f5 2. g3 Nf6 3. Bg2 e6 4. O-O Be7 5. c4 O-O 6. d4 d6 7. b3 a5 8. Nc3 Na6
9. Bb2 c6 10. e3 Rb8 11. Qe2 b5 12. cxb5 cxb5 13. Nxb5 Nb4 14. a4 Ba6 15. Rfc1
Qd7 16. Bf1 Bd8 17. Nd2 Bb7 18. f3 g5 19. Nc4 g4 20. fxg4 Ne4 21. Bg2 Bg5 22.
Rf1 Nd5 23. Rae1 Ndf6 24. gxf5 exf5 25. Ba3 Ba6 26. Bh3 Ng4 27. Qd3 Qe6 28. Nc7
Rxb3 29. Qxb3 Qxc4 30. Qxc4+ Bxc4 31. Bxg4 Bxf1 32. Bf3 Bc4 33. Nb5 Rb8 34.
Nxd6 Nxd6 35. Bxd6 Rb3 36. Bf4 Be7 37. Rc1 Be6 38. d5 Bf7 1-0

[Event "SM-gruppen"]
[Site "Växjö"]
[Date "2008.07.06"]
[Round "8"]
[White "Hedman , Erik "]
[Black "Nithander, Victor "]
[Result "1/2-1/2"]
[WhiteElo "2363"]
[BlackElo "2319"]
[PlyCount "37"]
[TimeControl "40/7200:20/3600:1800"]

1. d4 d5 2. c4 c6 3. Nc3 Nf6 4. e3 e6 5. Nf3 Nbd7 6. Bd3 dxc4 7. Bxc4 b5 8. Be2
a6 9. O-O Be7 10. a3 c5 11. dxc5 Nxc5 12. b4 Qxd1 13. Rxd1 Nb3 14. Rb1 Nxc1 15.
Rbxc1 O-O 16. Ne5 Bb7 17. Bf3 Bxf3 18. gxf3 Rfc8 19. Nd3 1/2-1/2

[Event "SM-gruppen"]
[Site "Växjö"]
[Date "2008.07.06"]
[Round "8"]
[White "Tikkanen, Hans"]
[Black "Carlsson , Pontus"]
[Result "1/2-1/2"]
[WhiteElo "2437"]
[BlackElo "2513"]
[PlyCount "20"]
[TimeControl "40/7200:20/3600:1800"]

1. d4 Nf6 2. c4 e6 3. Nc3 Bb4 4. Nf3 b6 5. Qb3 c5 6. Bg5 Bb7 7. O-O-O Bxc3 8.
Qxc3 Ne4 9. Bxd8 Nxc3 10. bxc3 Kxd8 1/2-1/2

[Event "SM-gruppen"]
[Site "Växjö"]
[Date "2008.07.06"]
[Round "8"]
[White "Brynell , Stellan "]
[Black "Hillarp-Persson, Tiger"]
[Result "1/2-1/2"]
[WhiteElo "2461"]
[BlackElo "2491"]
[PlyCount "38"]
[TimeControl "40/7200:20/3600:1800"]

1. d4 d5 2. c4 c6 3. Nc3 Nf6 4. Nf3 dxc4 5. a4 Bf5 6. e3 e6 7. a5 Bb4 8. Qa4
Be7 9. Bxc4 O-O 10. O-O Nbd7 11. Be2 b5 12. axb6 axb6 13. Qxa8 Qxa8 14. Rxa8
Rxa8 15. Bd2 h6 16. Rc1 Kf8 17. Be1 Bb4 18. Nd1 Bxe1 19. Nxe1 c5 1/2-1/2